 Dungeon Crawl Stone Soup version 0.28.0-47-ge53b351184 (webtiles) character file.

Game seed: 4023601885946628916

7616 Bruhh the Nimble (level 11, -6/85 HPs)
             Began as a Djinni Fire Elementalist on Apr 28, 2022.
             Mangled by a raiju (shapeshifter) (7 damage)
             ... on level 9 of the Dungeon.
             The game lasted 00:23:15 (14811 turns).

Bruhh the Nimble (Djinni Fire Elementalist)        Turns: 14811, Time: 00:23:21

Health: -6/85      AC:  7    Str:  9    XL:     11   Next: 40%
Gold:   458        EV: 16    Int: 21    God:
                   SH:  0    Dex: 14

rFire   + + +      SeeInvis .   E - +2 long sword (freeze)
rCold   x x .      Faith    .   (no shield)
rNeg    . . .      Spirit   .   l - +1 robe of the Morning Star {Str+2}
rPois   ∞          Reflect  .   (no helmet)
rElec   .          Harm     .   (no cloak)
rCorr   .          Rampage  .   (no gloves)
Will    +....                   (boots unavailable)
Stlth   ++........              (no amulet)
HPRegen 0.24/turn               e - ring of fire
MPRegen 0.00/turn               h - +4 ring of protection

@: flying
A: sickness immunity, fire resistance 2, cold vulnerability 1, float, innate
caster, HP casting, extra vitality 1
a: no special abilities


You were on level 9 of the Dungeon.
You visited 1 branch of the dungeon, and saw 9 of its levels.

You collected 458 gold pieces.

Inventory:

Hand Weapons
 z - a +4 dagger of freezing
 E - a +2 long sword of freezing (weapon)
Missiles
 x - a throwing net
Armour
 a - a +0 robe
 l - the +1 robe of the Morning Star (worn) {Str+2}
   (You found it on level 4 of the Dungeon)

   Str:       It affects your strength (+2).
 D - +0 steam dragon scales
Jewellery
 e - a ring of fire (left hand)
 h - a +4 ring of protection (right hand)
 v - a ring of ice
 w - a ring of positive energy
Wands
 k - a wand of flame (45)
 r - a wand of mindburst (33)
 A - a wand of acid (13)
 C - a wand of digging (6)
Scrolls
 b - a scroll of noise {unknown}
 c - 4 scrolls of teleportation {unknown}
 g - a scroll of brand weapon {unknown}
 i - 2 scrolls of fear {unknown}
 j - 2 scrolls of immolation {unknown}
 m - 2 scrolls of enchant weapon {unknown}
 n - 2 scrolls of vulnerability {unknown}
 o - a scroll of enchant armour {unknown}
 y - a scroll of torment {unknown}
 B - a scroll of amnesia {unknown}
Potions
 d - 6 potions of curing
 f - 2 potions of heal wounds {unknown}
 p - 2 potions of lignification {unknown}
 q - a potion of berserk rage {unknown}
 s - 2 potions of degeneration {unknown}
 t - 3 potions of might {unknown}
 u - a potion of cancellation {unknown}


   Skills:
 - Level 10.0 Fighting
 - Level 10.0 Dodging
 - Level 1.5 Stealth
 + Level 8.5 Spellcasting


You couldn't memorise any spells.
You knew the following spells:

 Your Spells              Type           Power      Damage    Failure   Level
a - Foxfire               Conj/Fire      100%       2x1d9     1%          1
b - Scorch                Fire           100%       2d10      1%          2
c - Conjure Flame         Conj/Fire      61%        6-21      1%          3
d - Inner Flame           Hex/Fire       61%        N/A       1%          3
e - Flame Wave            Conj/Fire      61%        2d12      2%          4
f - Apportation           Tloc           90%        N/A       1%          1
g - Corpse Rot            Necr/Air       90%        N/A       1%          2
h - Mephitic Cloud        Conj/Pois/Air  45%        N/A       1%          3
i - Lesser Beckoning      Tloc           45%        N/A       1%          3
j - Manifold Assault      Tloc           45%        N/A       6%          5
Your spell library was empty.

Dungeon Overview and Level Annotations

Branches:
Dungeon (9/15)             Temple (0/1) D:5             Orc (0/2) D:9
   Lair: D:8-11

Altars:
Fedhas
Hepliaklqana
Ru
Uskayaw
Xom
Zin
The Shining One
Beogh

Shops:
D:1 (([:   D:3 ?

Annotations:
D:8 3 runed translucent doors, Bruhh's ghost, novice GrFi


Innate Abilities, Weirdness & Mutations

You are immune to sickness and miasma.
You are immune to poison.
Your flesh is very heat resistant. (rF++)
You are vulnerable to cold. (rC-)
You float through the air rather than walking.
You learn spells naturally, not from books.
Your magical power is your life essence.
You have superior vitality. (+4 MHP)


Message History

The torpor snail completely misses you. The cane toad misses you.
You feel a surge of power!
Flames lash the torpor snail.
The torpor snail is burned terribly!
The torpor snail is almost dead.
The cane toad misses you.
A manticore comes into view.
The torpor snail bites you!
You feel a surge of power!
Flames lash the manticore.
The manticore is moderately wounded.
The manticore's fire resistance burns away.
The cane toad changes into a raiju!
The torpor snail bites you!
You feel a surge of power!
Flames lash the torpor snail.
The torpor snail is burned terribly!
The torpor snail is almost dead.
The manticore bites you. The manticore claws you. The manticore claws you!
The torpor snail bites you!
* * * LOW HITPOINT WARNING * * *
The raiju closely misses you.
Casting: Scorch (safe; 1% risk of failure)
Confirm with . or Enter, or press ? or * to list all spells.
Casting: Flame Wave (dangerous; 2% risk of failure)
Press: ? - help, Dir - look around, f - activate You feel a surge of power!
A wave of flame ripples out!
The flame wave engulfs the torpor snail!!
The torpor snail is burned terribly!
You kill the torpor snail!
The torpor snail's shape twists and changes as it dies.
The flame wave engulfs the raiju!!
The raiju is heavily wounded.
The flame wave engulfs the manticore!
The manticore is burned terribly!
The manticore is heavily wounded. (Press . to intensify the flame waves.)
* * * LOW HITPOINT WARNING * * *
You feel yourself speed up. The manticore bites you!
* * * LOW HITPOINT WARNING * * *
The manticore claws you.
* * * LOW HITPOINT WARNING * * *
The manticore misses you. The raiju bites you!
You die...

#....###..)..#.#.#...#.......
#...).##.....######........>.
#......###'####.#............
##.#...#8...8#.....#.........
###[.[[()....###..###.......
##...#...>.....#..###...#...
#..:...............#........
##.........hH..###..........
#(..[......@†.#..###........
##............#....###......
#.............#.#....###....
##.............#...#....####.
####..............#.#...#.†))###
#.#...............#...#....##..#
##.......<.........#.#....### ..
#(.................#....### #
...#.#.............#..###


You could see a manticore (combustible) and a raiju shaped shifter.

Vanquished Creatures
  A hydra (D:9)
  A two-headed ogre (D:9)
  An ugly thing (D:9)
  Joseph (D:7)
  A torpor snail (shapeshifter) (D:9)
  Psyche (D:9)
  3 wyverns
  Eustachio (D:6)
  5 yaks (D:9)
  2 steam dragons (D:9)
  Menkaure (D:7)
  2 water moccasins
  4 orc warriors (D:9)
  A sky beast (D:5)
  3 black bears
  An ice beast (D:6)
  3 necrophages
  An ogre (D:6)
  3 centaurs
  2 phantoms
  3 kobold brigands
  2 gnoll sergeants
  A bullfrog (D:9)
  2 scorpions (D:6)
  5 killer bees (D:9)
  5 wights (D:8)
  A bullfrog zombie (D:5)
  3 hounds
  5 orc priests
  2 gnoll shamans
  Crazy Yiuf (D:6)
  3 centaur skeletons
  Natasha (thrice) (D:3)
  4 iguanas
  6 orc wizards
  A hound skeleton (D:5)
  A howler monkey zombie (D:9)
  18 gnolls
  A howler monkey skeleton (D:4)
  2 adders
  A shadow imp (D:8)
  A white imp (D:6)
  2 ufetubi
  An adder skeleton (D:5)
  A worm (D:2)
  4 dart slugs
  39 orcs
  5 endoplasms
  4 giant cockroaches
  4 goblins
  3 hobgoblins
  4 jackals
  3 quokkas
  16 ball pythons
  7 bats
  5 frilled lizards
  17 kobolds
  5 rats
229 creatures vanquished.

Vanquished Creatures (others)
  49 foxfires
  3 fungi
  2 plants (D:8)
54 creatures vanquished.

Grand Total: 283 creatures vanquished

Notes
Turn   | Place    | Note
-------+----------+-------------------------------------------
     0 | D:1      | Bruhh the Djinni Fire Elementalist began the quest for the
                  | Orb.
     0 | D:1      | Reached XP level 1. HP: 15/15 MP: 0/0
   192 | D:1      | Found Nivop's Armour Shoppe.
   196 | D:1      | Found Viverr's Book Emporium.
   322 | D:1      | Reached XP level 2. HP: 9/21 MP: 0/0
   585 | D:1      | Found a faded altar of an unknown god.
   688 | D:1      | Found Kazi's Antique Weapon Shoppe.
  1023 | D:1      | You are sucked into a shaft and drop 1 floor!
  1107 | D:2      | Reached XP level 3. HP: 21/25 MP: 0/0
  1107 | D:2      | Learned a level 1 spell: Apportation
  2637 | D:2      | Reached XP level 4. HP: 18/31 MP: 0/0
  2834 | D:1      | Found Polef's Weapon Shoppe.
  3269 | D:3      | Found Ocotz's Magic Scroll Shoppe.
  3427 | D:3      | Noticed Natasha
  3430 | D:3      | Killed Natasha
  3652 | D:3      | Reached XP level 5. HP: 28/35 MP: 0/0
  3652 | D:3      | Learned a level 2 spell: Corpse Rot
  3679 | D:3      | Noticed Natasha
  3682 | D:3      | Killed Natasha
  3820 | D:3      | Noticed Natasha
  3824 | D:3      | Killed Natasha
  4174 | D:4      | Reached XP level 6. HP: 35/40 MP: 0/0
  4192 | D:4      | Reached skill level 5 in Spellcasting
  4798 | D:4      | Noticed a black bear
  4841 | D:3      | Killed a black bear
  4967 | D:3      | Reached XP level 7. HP: 23/45 MP: 0/0
  4967 | D:3      | Learned a level 3 spell: Mephitic Cloud
  5664 | D:4      | Identified the +1 robe of the Morning Star {Str+2}
  6543 | D:4      | Found a hazy altar of Hepliaklqana.
  6730 | D:5      | Entered Level 5 of the Dungeon
  6789 | D:5      | Found a staircase to the Ecumenical Temple.
  7228 | D:5      | Found a glowing silver altar of Zin.
  7316 | D:5      | Reached XP level 8. HP: 46/50 MP: 0/0
  7787 | D:5      | Reached skill level 1 in Fighting
  7969 | D:6      | Found a blossoming altar of Fedhas.
  7989 | D:6      | Found a sacrificial altar of Ru.
  8364 | D:6      | Reached skill level 5 in Dodging
  8364 | D:6      | Reached XP level 9. HP: 15/62 MP: 0/0
  8364 | D:6      | Learned a level 3 spell: Lesser Beckoning
  8370 | D:6      | Noticed Eustachio
  8971 | D:6      | Found a runed translucent door.
  8972 | D:6      | Noticed Crazy Yiuf
  9065 | D:6      | Killed Eustachio
  9066 | D:6      | Reached skill level 5 in Fighting
  9248 | D:6      | Killed Crazy Yiuf
  9336 | D:7      | Noticed Joseph
  9345 | D:7      | Killed Joseph
  9863 | D:7      | Noticed Menkaure
  9866 | D:7      | Killed Menkaure
 10095 | D:7      | Found a glowing golden altar of the Shining One.
 11101 | D:8      | Found a hide-covered altar of Uskayaw.
 11129 | D:8      | Reached XP level 10. HP: 58/73 MP: 0/0
 11542 | D:8      | Found a runed translucent gate.
 11543 | D:8      | Found a runed translucent gate.
 11543 | D:8      | Found a runed translucent gate.
 11544 | D:8      | Noticed Bruhh's ghost (novice GrFi)
 11544 | D:8      | Noticed a kobold demonologist
 12234 | D:9      | Noticed Psyche
 12921 | D:9      | Found a staircase to the Orcish Mines.
 13209 | D:9      | Killed Psyche
 13210 | D:9      | Reached skill level 10 in Dodging
 13483 | D:9      | Found a shimmering altar of Xom.
 13850 | D:9      | Reached XP level 11. HP: 51/85 MP: 0/0
 13850 | D:9      | Learned a level 5 spell: Manifold Assault
 13858 | D:9      | Reached skill level 10 in Fighting
 13870 | D:9      | HP: 3/85 [spore (6)]
 14325 | D:9      | Noticed a two-headed ogre
 14331 | D:9      | Noticed a six-headed hydra
 14332 | D:9      | Killed a two-headed ogre
 14334 | D:9      | Killed a six-headed hydra
 14335 | D:9      | Noticed a green ugly thing
 14339 | D:9      | Noticed a red ugly thing
 14343 | D:9      | Killed a green ugly thing
 14808 | D:9      | Noticed a manticore
 14811 | D:9      | HP: 1/85 [manticore (5)]
 14811 | D:9      | Mangled by a raiju (shapeshifter)

Illustrated notes

Levels and vault maps discovered:
D:1:      heliophobic_arrival_battle_scene, layout_loops_cross, serial_shops,
          shop_statue, shop, shop, shop, nicolae_ecumenical_snake_handling
D:2:      layout_basic, serial_corexii_hall, chequers_hall_statues_wall_a,
          corexii_hall_statues_l, corexii_hall_statues_l, st_stairs_2
D:3:      layout_basic, serial_shops, shop, uniq_natasha
D:4:      layout_rooms, nzn_hepliaklqana_mist_gate
D:5:      layout_basic, zin_statuary, temple_fountains, serial_co_window_serial,
          co_window_paths_b, co_window_of_opportunity_a, co_window_paths_a,
          co_window_of_opportunity_a, co_window_paths_a,
          co_window_unsneaky_path_b, co_window_corner_ca, co_window_cross_2,
          glass_columns_c, glass_columns_a, glass_columns_b, glass_columns_a
D:6:      layout_cave_pools, nicolae_ru_sacrificial_ziggurat,
          mainiacjoe_overflow_brackets, uniq_crazy_yiuf_cottage, uniq_eustachio
D:7:      layout_layer_cave, nicolae_tso_carved_into_rock, uniq_menkaure,
          uniq_joseph
D:8:      layout_basic, lemuel_crystal_altar, gammafunk_ghost_nasty_kobolds,
          kennysheep_small_square
D:9:      minmay_the_grid_triangle_9x9_recursive_2
          [minmay_the_grid_triangle_9x9_prize_special,
          minmay_the_grid_triangle_9x9_negative_grid,
          minmay_the_grid_triangle_9x9_corruption,
          minmay_the_grid_triangle_9x9_skeleton], layout_cave_pools, tgw_xom,
          minmay_orc_entry_temple_small, uniq_psyche

Skill      XL: |  1  2  3  4  5  6  7  8  9 10 11 |
---------------+----------------------------------+-----
Spellcasting   | 3 4 5 6 7 8 |  8.5
Fighting       | 3 6 9 10 | 10.0
Dodging        | 5 8 10 | 10.0
Stealth        | |  1.5

Action                   |  1- 3 |  4- 6 |  7- 9 | 10-12 || total
-------------------------+-------+-------+-------+-------++-------
Melee: Unarmed           |     8 |     2 |     2 |       ||    12
       Dagger            |       |       |       |     4 ||     4
 Cast: Foxfire           |    11 |       |    16 |     1 ||    28
       Scorch            |    39 |    46 |   119 |    96 ||   300
       Inner Flame       |       |     4 |    10 |    14 ||    28
       Flame Wave        |       |     1 |     1 |    15 ||    17
       Mephitic Cloud    |       |       |     2 |       ||     2
       Conjure Flame     |       |       |       |     1 ||     1
  Use: Potion            |       |       |       |     1 ||     1
Armor: Robe              |     7 |     8 |     5 |    13 ||    33
Dodge: Dodged            |    13 |    17 |    33 |    61 ||   124
